 Dungeon Sprint DCSS version 0.32-a0-433-g08bcfe7efd (webtiles) character file.

Game seed: 8436882557012821154

881 rocky1 the Basher (level 7, -3/106 HPs)
             Began as a Mountain Dwarf Cinder Acolyte on Feb 23, 2024.
             Was a Follower of Ignis.
             Slain by a hell hog (9 damage)
             ... in the Dungeon (Sprint VII: "The Pits").
             The game lasted 00:03:08 (1046 turns).

rocky1 the Basher (Mountain Dwarf Cinder Acolyte)   Turns: 1046, Time: 00:03:09

Health: -3/106     AC: 17    Str: 18    XL:     7   Next: 75%
Magic:  14/14      EV:  9    Int: 15    God:    Ignis [*.....]
Gold:   0          SH:  0    Dex:  5    Spells: 16/16 levels left

rFire   + . .        m - +2 mace
rCold   . . .        (no shield)
rNeg    . . .        d - +3 scale mail
rPois   .            (no helmet)
rElec   .            (no cloak)
rCorr   .            (no gloves)
SInv    .            (no boots)
Will    .....        (no amulet) Stlth
                     (no ring)
HPRegen 0.37/turn    (no ring)
MPRegen 0.14/turn

%: no teleportation
@: berserking, fiery-armoured, very quick
A: runic magic, artefact enchanting
a: Renounce Religion, Fiery Armour, Foxfire Swarm, Rising Flame


You were in the Dungeon.
You worshipped Ignis.
Ignis was aware of your devotion.
You visited 1 branch

Inventory:

Hand Weapons
 a - a -1 mace of flaming
 h - a +0 heavy mace
 m - a +2 mace (weapon)
Armour
 b - a +0 robe
 d - a +3 scale mail (worn)
Scrolls
 j - 2 scrolls of vulnerability
 k - 5 scrolls of amnesia
 l - a scroll of summoning
Potions
 c - 6 potions of curing
 e - a potion of haste
 f - 4 potions of magic
 g - 2 potions of berserk rage
 i - 2 potions of invisibility
 n - 4 potions of heal wounds


   Skills:
 + Level 9.9 Fighting
 + Level 11.2 Maces & Flails
 * Level 6.5 Armour
 + Level 1.5 Dodging
 * Level 5.3 Spellcasting
 + Level 9.9 Fire Magic


You had 16 spell levels left.
You didn't know any spells.
Your spell library contained the following spells:

 Spells                   Type           Power      Damage    Failure   Level
 Scorch                   Fire           66%        2d7       1%          2


Dungeon Overview and Level Annotations

Branches:
Dungeon (1/1)

Altars:


Innate Abilities, Weirdness & Mutations

Your spellcasting is much less encumbered by armour.
You can use scrolls of enchantment on lesser artefacts.


Message History

The hell hog bites you!
The hell hog completely resists.
The hell hog bites you but does no damage.
You sock the hell hog!
The hell hog is heavily wounded.
The hell hog bites you.
The hell hog completely resists.
The hell hog breathes fire at you.
The fireball explodes!
The fireball engulfs you! You resist.
* * * LOW HITPOINT WARNING * * *
The fireball engulfs the hell hog.
The hell hog completely resists.
The fireball engulfs the hell hog.
The hell hog completely resists.
Unknown command.
You sock the hell hog!
The hell hog is heavily wounded.
You rip and tear the barbed spikes from your body.
The hell hog breathes fire at you.
The fireball explodes!
The fireball engulfs you but does no damage.
The fireball engulfs the hell hog.
The hell hog completely resists.
The fireball engulfs the hell hog.
The hell hog completely resists.
You thump the hell hog!
The hell hog is severely wounded.
You hit the hell hog.
The hell hog is almost dead.
The hell hog bites you!
* * * LOW HITPOINT WARNING * * *
The hell hog completely resists.
The hell hog bites you but does no damage.
The hell hog completely resists.
The bullfrog closely misses you.
You barely miss the hell hog.
The hell hog is almost dead.
The hell hog bites you but does no damage.
The hell hog completely resists.
The hell hog bites you!
* * * LOW HITPOINT WARNING * * *
The hell hog completely resists.
You thump the hell hog!
The hell hog is almost dead.
The hell hog bites you but does no damage.
The hell hog completely resists.
The hell hog bites you!
You die...
Ignis goes out, and joins you in death.

#.##)#..#'###...<...#
#.#........##.......#
#.#........##.......#
#'###########.......#
#..#.#.##..##########
#.......#.## ###
##.#.#.##.# ...#
#..รท....#h#F...#
##.#.#.##@hh...+
#.......#h#H...#
##.#.#..')# ...#
########## ###


You could see 4 hell hogs, a manticore and a bullfrog.

Vanquished Creatures
  A tarantella (D)
  A glass eye (D)
  A crocodile (D)
  A brain worm (D)
  2 gnoll sergeants (D)
  A scorpion (D)
  A crimson imp (D)
  3 orc wizards (D)
  A mummy (D)
  6 gnolls (D)
  An endoplasm (D)
  A giant cockroach (D)
  A quokka (D)
  A ball python (D)
  A ball python zombie (D)
  2 bats (D)
  A frilled lizard (D)
26 creatures vanquished.

Vanquished Creatures (others)
  58 foxfires (D)
58 creatures vanquished.

Grand Total: 84 creatures vanquished

Notes
Turn   | Place    | Note
-------+----------+-------------------------------------------
     0 | D        | rocky1 the Mountain Dwarf Cinder Acolyte began the quest
                  | for the Orb.
     0 | D        | Reached XP level 1. HP: 19/19 MP: 2/2
    47 | D        | Noticed a scorpion
    51 | D        | Killed a scorpion
    52 | D        | Reached skill level 5 in Fighting
    52 | D        | Reached skill level 5 in Maces & Flails
    52 | D        | Reached XP level 2. HP: 22/30 MP: 3/3
    52 | D        | Reached XP level 3. HP: 27/37 MP: 4/4
    53 | D        | Reached skill level 6 in Maces & Flails
   207 | D        | Noticed a glass eye
   212 | D        | Reached XP level 4. HP: 44/44 MP: 5/5
   215 | D        | Noticed a gnoll sergeant
   239 | D        | Killed a glass eye
   240 | D        | Reached skill level 8 in Maces & Flails
   240 | D        | Reached XP level 5. HP: 34/53 MP: 5/9
   242 | D        | Reached XP level 6. HP: 40/61 MP: 5/11
   244 | D        | Reached skill level 9 in Maces & Flails
   352 | D        | Reached skill level 5 in Armour
   360 | D        | Reached skill level 1 in Dodging
   372 | D        | Reached skill level 10 in Maces & Flails
   372 | D        | Reached XP level 7. HP: 38/70 MP: 7/13
   385 | D        | Noticed a tarantella
   395 | D        | Killed a tarantella
   396 | D        | Reached skill level 11 in Maces & Flails
   396 | D        | Reached skill level 5 in Spellcasting
  1034 | D        | Noticed a hell hog
  1034 | D        | Noticed a hell hog
  1034 | D        | Noticed a hell hog
  1034 | D        | Noticed a manticore
  1034 | D        | Noticed a hell hog
  1045 | D        | HP: 5/106 [hell hog (9)]
  1046 | D        | Slain by a hell hog

Illustrated notes

Levels and vault maps discovered:
D:        pitsprint [storerooms_1, entrance_room_1, metal_vault_2, armoury_1,
          mini_pit_1, grid_room_1, main_hall_1, silver_pit, the_coven_1,
          the_vestibule_1, steel_vault_4, golden_pit, hallway_of_sentries,
          crystal_vault_1, iron_vault_1, final_vault]

Skill      XL: |  1  2  3  4  5  6  7 |
---------------+----------------------+-----
Fire Magic     | 6 7 8 9 |  9.9
Fighting       | 5 6 7 8 9 |  9.9
Maces & Flails | 5 6 8 10 11 | 11.2
Armour         | 3 4 5 6 |  6.5
Spellcasting   | 3 4 5 |  5.3
Dodging        | 1 |  1.5

Action                     |  1- 3 |  4- 6 |  7- 9 || total
---------------------------+-------+-------+-------++-------
  Melee: Mace              |    14 |    30 |    40 ||    84
 Invoke: Fiery Armour      |     2 |     2 |     1 ||     5
         Foxfire Swarm     |       |     4 |       ||     4
    Use: Potion            |       |     1 |     2 ||     3
         Scroll            |       |     1 |       ||     1
 Armour: Robe              |     6 |     8 |       ||    14
         Scale mail        |       |    16 |    48 ||    64
  Dodge: Dodged            |     6 |     5 |    16 ||    27

Table legend: (Time is in decaauts)
 A = Elapsed time spent in this place.
 B = Non-inter-level travel time spent in this place.
 C = Inter-level travel time spent in this place.
 D = Time resting spent in this place.
 E = Time spent auto-exploring this place.
 F = Levels seen in this place.
 G = Mean time per level.
                   A        B        C        D        E       F      G
               +--------+--------+--------+--------+--------+-----+--------+
         Total |   1039 |   1018 |     21 |    726 |      0 |   1 | 1039.0 |
       Dungeon |   1039 |   1018 |     21 |    726 |      0 |   1 | 1039.0 |
               +--------+--------+--------+--------+--------+-----+--------+

Top non-repeatable levels by time:
       D: 1039 daAuts
